 Dungeon Crawl Stone Soup version 0.31.0-9-g3a7656b989 (webtiles) character file.

Game seed: 17458396147705726213

3891 qw the Nimble (level 10, -12/45 (49) HPs)
             Began as a Spriggan Hunter on Feb 2, 2024.
             Killed by divine providence
             ... invoked by Jeremiah
              (14 damage)
             ... on level 8 of the Dungeon.
             The game lasted 00:00:46 (6877 turns).

qw the Nimble (Spriggan Hunter)                     Turns: 6877, Time: 00:00:47

HP:   -12/45 (49)   AC:  6    Str: 11    XL:     10   Next: 0%
MP:   3/3           EV: 31    Int: 12    God:
Gold: 236           SH:  0    Dex: 26    Spells: 9/9 levels left

rFire   . . .        f - +9 shortbow of Intuition {antimagic, Str+4 Dex+4}
rCold   . . .        (shield currently unavailable)
rNeg    . . .        g - +2 robe {Will+}
rPois   .            o - +2 hat
rElec   .            (no cloak)
rCorr   .            (gloves unavailable)
SInv    +            (boots unavailable)
Will    ++++.        (no amulet)
Stlth   ++           d - ring of willpower
HPRegen 0.27/turn    b - ring of willpower
MPRegen 0.08/turn

%: no passive effects
@: about to teleport, drained, very quick
A: very small, no large weapons, unfitting armour, see invisible, speed 3
a: no special abilities


You were on level 8 of the Dungeon.
You visited 2 branches of the dungeon, and saw 9 of its levels.

You collected 357 gold pieces.
You spent 121 gold pieces at shops.


Innate Abilities, Weirdness & Mutations

You are very small and have problems with some larger weapons.
You are too small for most types of armour.
You have supernaturally acute eyesight. (SInv)
You cover ground extremely quickly. (Speed+++)


   Skills:
 - Level 4.0 Fighting
 - Level 11.0 Ranged Weapons
 + Level 12.1 Dodging
 - Level 1.5 Stealth


You had 9 spell levels left.
You didn't know any spells.
Your spell library was empty.

Inventory:

Hand Weapons
 f - the +9 shortbow of Intuition (weapon) {antimagic, Str+4 Dex+4}
   (You acquired it on level 1 of the Dungeon)

   Str+4:     It affects your strength (+4).
   Dex+4:     It affects your dexterity (+4).
Armour
 g - a +2 robe of willpower (worn)
 o - a +2 hat (worn)
Jewellery
 b - a ring of willpower (right hand)
 d - a ring of willpower (left hand)
 h - a +6 ring of strength
Wands
 l - a wand of iceblast (2)
Scrolls
 j - 5 scrolls of teleportation
Potions
 c - a potion of heal wounds {unknown}
 e - 4 potions of curing
 i - a potion of invisibility {unknown}
 k - a potion of cancellation
 n - a potion of might {unknown}

Dungeon Overview and Level Annotations

Branches:
Dungeon (8/15)             Temple (1/1) D:4            Lair (0/5) D:8

Altars:
Cheibriados
Dithmenos
Elyvilon
Fedhas
Gozag
Kikubaaqudgha
Nemelex Xobeh
Ru
Wu Jian
Xom
Yredelemnul
The Shining One

Shops:
D:5 !

Annotations:
D:8 Jeremiah


Message History

Jeremiah pinches themself.
You shoot an arrow.
The arrow hits Jeremiah but does no damage.
Jeremiah is heavily wounded.
The butterfly disappears in a burst of colours!
Jeremiah hops!
The butterfly disappears in a burst of colours! x2
The butterfly disappears in a burst of colours! x2
The butterfly disappears in a burst of colours! x2
You shoot an arrow. The arrow hits Jeremiah!
Jeremiah is severely wounded.
The butterfly disappears in a burst of colours!
Jeremiah mumbles a slurred invocation.
Something smites you!
The butterfly disappears in a burst of colours!
Jeremiah barely misses you. Jeremiah closely misses you.
The butterfly disappears in a burst of colours! x2
Jeremiah asks, "Where am I?
Why are you fighting me?"
Jeremiah hits you from afar with a +3 trident of draining!
You feel drained.
The butterfly disappears in a burst of colours! x2
Jeremiah cries, "Fearful master, protect me!"
Something smites you!
6875 ||| READING 6 scrolls of teleportation.
As you read the scroll of teleportation, it crumbles to dust.
You feel strangely unstable.
The butterfly disappears in a burst of colours! x2
Jeremiah misses you.
The butterfly disappears in a burst of colours! x2
Jeremiah barely misses you.
You shoot an arrow. The arrow closely misses Jeremiah.
The arrow hits the butterfly!!
You kill the butterfly!
The butterfly disappears in a burst of colours!
The butterfly disappears in a burst of colours! x2
Jeremiah throws their arms up pleadingly.
Something smites you!
You die...
Jeremiah wails, "I didn't mean to kill anyone!
I'm not a murderer!"

.....PP........
#....PP..........
.....P....b.>....
#....PP.b........
##?.......bP.....
.......b........P
#..bbbFb.......
#.bbb......P.
##.@Pbb.b....
###.b.<.......#
...........###.#
##[#)......# .>
##[...##$.. ..
#.)..[.?### .
#.#.##..####
#.#..##.## .
#.##.# ..


You could see Jeremiah.

Vanquished Creatures
  Joseph (D:8)
  2 water moccasins (D:8)
  4 black bears
  2 sky beasts
  3 ogres
  3 centaurs
  3 phantoms
  5 bullfrogs (D:8)
  4 scorpions
  13 wights
  2 howler monkeys (D:6)
  5 hounds
  5 jellies
  2 orc priests
  Jessica (D:2)
  2 sleepcaps (D:7)
  An iguana (D:5)
  4 orc wizards
  3 gnolls (D:6)
  6 adders
  A shadow imp (D:7)
  A white imp (D:5)
  4 ufetubi
  3 ribbon worms
  2 dart slugs
  18 orcs
  3 ball pythons
  3 bats
  7 endoplasms
  2 giant cockroaches (D:1)
  9 goblins
  4 hobgoblins
  2 jackals (D:4)
  6 kobolds
  5 quokkas
  2 frilled lizards
  4 rats
147 creatures vanquished.

Notes
Turn   | Place    | Note
-------+----------+-------------------------------------------
     0 | D:1      | qw the Spriggan Hunter began the quest for the Orb.
     0 | D:1      | Reached XP level 1. HP: 10/10 MP: 2/2
     0 | D:1      | 0 ||| qw: Version: 0.3-a-155-g5e7d8dd
     0 | D:1      | 0 ||| qw: Game counter: 882
     0 | D:1      | 0 ||| qw: Melee chars always use a shield: true
     0 | D:1      | 0 ||| qw: God list: Okawaru
     0 | D:1      | 0 ||| qw: Allow faded altars: false
     0 | D:1      | 0 ||| qw: Do Orc after clearing Dungeon:15 true
     0 | D:1      | 0 ||| qw: Do second Lair branch before Depths: true
     0 | D:1      | 0 ||| qw: Lair rune preference: random
     0 | D:1      | 0 ||| qw: Goals: Normal
     0 | D:1      | 0 ||| PLANNING D:1-11
    76 | D:1      | Reached skill level 3 in Dodging
   320 | D:1      | Reached XP level 2. HP: 14/14 MP: 3/3
   487 | D:1      | Reached skill level 4 in Dodging
   925 | D:1      | 925 ||| UPGRADING to ring of willpower.
   926 | D:1      | 926 ||| DROPPING ring of flight.
   927 | D:1      | 927 ||| READING scroll labelled ZOSUCL PUTTUAL.
  1028 | D:1      | 1028 ||| READING scroll labelled GUROULLYTZ.
  1028 | D:1      | Identified a scroll of acquirement
  1028 | D:1      | 1028 ||| ACQUIRING +9 shortbow of Intuition {antimagic,
                  | Str+4 Dex+4}
  1028 | D:1      | Acquired the +9 shortbow of Intuition {antimagic, Str+4
                  | Dex+4}
  1030 | D:1      | 1030 ||| SWAPPING to +9 shortbow of Intuition {antimagic,
                  | Str+4 Dex+4}.
  1031 | D:1      | 1031 ||| DROPPING +0 shortbow.
  1032 | D:1      | 1032 ||| READING scroll labelled PANGINLAUCE.
  1033 | D:1      | 1033 ||| DROPPING scroll of butterflies.
  1090 | D:2      | Reached XP level 3. HP: 18/18 MP: 1/4
  1100 | D:2      | Noticed Jessica
  1101 | D:2      | Killed Jessica
  1114 | D:2      | Reached skill level 5 in Dodging
  1297 | D:2      | Reached XP level 4. HP: 22/22 MP: 1/5
  1884 | D:2      | 1884 ||| UPGRADING to +2 robe of willpower.
  1894 | D:2      | 1894 ||| DROPPING +0 robe.
  1895 | D:2      | 1895 ||| READING scroll labelled NIQA FATOGIGUU.
  1896 | D:2      | 1896 ||| READING 3 scrolls labelled SAUSTU TECU.
  1896 | D:2      | 1896 ||| IDENTIFYING golden potion
  1897 | D:2      | 1897 ||| READING 2 scrolls of identify.
  1897 | D:2      | 1897 ||| IDENTIFYING smoky orange potion
  1898 | D:2      | 1898 ||| READING scroll of identify.
  1898 | D:2      | 1898 ||| IDENTIFYING scroll labelled GATEPP WIPTE
  1899 | D:2      | 1899 ||| READING 2 scrolls labelled COHYDE CYUGUTT.
  1903 | D:2      | 1903 ||| DROPPING scroll of revelation.
  1904 | D:2      | 1904 ||| DROPPING potion of lignification.
  2007 | D:3      | Found a faded altar of an unknown god.
  2488 | D:3      | 2488 ||| UPGRADING to ring of willpower.
  2612 | D:4      | Found a staircase to the Ecumenical Temple.
  2613 | D:4      | 2613 ||| PLANNING TEMPLE
  2620 | Temple   | Entered the Ecumenical Temple
  2621 | Temple   | 2621 ||| PLANNING D:1-11
  2691 | D:4      | Reached XP level 5. HP: 26/26 MP: 2/6
  2701 | D:4      | You fall into a shaft and drop 2 floors!
  2752 | D:6      | Noticed a phantom
  2755 | D:6      | Killed a phantom
  2756 | D:6      | Reached skill level 6 in Dodging
  2787 | D:6      | Noticed a sky beast
  2798 | D:6      | Killed a sky beast
  2799 | D:6      | Reached XP level 6. HP: 24/30 MP: 2/7
  2811 | D:6      | Reached skill level 6 in Ranged Weapons
  2826 | D:6      | Reached skill level 7 in Dodging
  2827 | D:6      | 2827 ||| RETREEEEATING.
  2828 | D:6      | 2828 ||| RETREEEEATING.
  2831 | D:6      | Reached XP level 7. HP: 29/35 MP: 2/8
  2889 | D:5      | Entered Level 5 of the Dungeon
  2952 | D:5      | Reached skill level 8 in Dodging
  3007 | D:5      | Found Ocsugaer's Distillery.
  3016 | D:5      | 3016 ||| BUYING potion of cancellation (88 gold).
  3016 | D:5      | Bought a potion of cancellation for 88 gold pieces
  3016 | D:5      | 3016 ||| BUYING potion of curing (33 gold).
  3016 | D:5      | Bought a potion of curing for 33 gold pieces
  3016 | D:5      | 3016 ||| SHOPLISTING potion of curing (33 gold, have 31).
  3016 | D:5      | 3016 ||| SHOPLISTING potion of enlightenment (55 gold, have
                  | 31).
  3016 | D:5      | 3016 ||| SHOPLISTING potion of might (44 gold, have 31).
  3016 | D:5      | 3016 ||| SHOPLISTING potion of mutation (88 gold, have 31).
  3024 | D:5      | 3024 ||| READING scroll labelled CYROXI VIRO.
  3029 | D:5      | 3029 ||| FLEEEEING.
  3030 | D:5      | 3030 ||| FLEEEEING.
  3031 | D:5      | 3031 ||| STAIRDANCE
  3666 | D:4      | 3666 ||| READING scroll labelled JITSEEN NOJ.
  3761 | D:5      | Reached XP level 8. HP: 39/39 MP: 3/9
  3792 | D:5      | Reached skill level 9 in Dodging
  4096 | D:5      | Reached skill level 3 in Fighting
  4919 | D:6      | Reached skill level 9 in Ranged Weapons
  5027 | D:6      | Found a snail-covered altar of Cheibriados.
  5255 | D:6      | 5255 ||| READING scroll of identify.
  5255 | D:6      | 5255 ||| IDENTIFYING lumpy white potion
  5256 | D:6      | 5256 ||| READING scroll labelled HOTODD ERAH.
  5357 | D:6      | 5357 ||| DROPPING potion of degeneration.
  5388 | D:7      | 5388 ||| STAIRDANCE
  5392 | D:6      | Reached skill level 10 in Dodging
  5699 | D:7      | 5699 ||| RETREEEEATING.
  5704 | D:7      | Reached XP level 9. HP: 44/44 MP: 3/10
  5920 | D:7      | Found a basalt altar of Yredelemnul.
  6070 | D:7      | 6070 ||| UPGRADING to +2 hat.
  6075 | D:7      | 6075 ||| READING scroll labelled FYSOKULEEL.
  6076 | D:7      | 6076 ||| READING scroll labelled FUS KUAFOIG.
  6077 | D:7      | 6077 ||| DROPPING wand of flame (17).
  6124 | D:8      | Noticed Joseph
  6125 | D:8      | 6125 ||| RETREEEEATING.
  6131 | D:8      | 6131 ||| RETREEEEATING.
  6132 | D:8      | 6132 ||| RETREEEEATING.
  6134 | D:8      | Reached skill level 11 in Dodging
  6135 | D:8      | 6135 ||| FLEEEEING.
  6136 | D:8      | 6136 ||| FLEEEEING.
  6139 | D:8      | 6139 ||| FLEEEEING.
  6140 | D:8      | 6140 ||| STAIRDANCE
  6166 | D:8      | Found a staircase to the Lair.
  6167 | D:8      | 6167 ||| STAIRDANCE
  6226 | D:8      | 6226 ||| RETREEEEATING.
  6230 | D:8      | 6230 ||| RETREEEEATING.
  6232 | D:8      | 6232 ||| FLEEEEING.
  6233 | D:8      | 6233 ||| FLEEEEING.
  6234 | D:8      | 6234 ||| STAIRDANCE
  6266 | D:8      | Reached skill level 12 in Dodging
  6276 | D:8      | 6276 ||| ZAPPING wand of iceblast (10) at 0,-5 (Joseph;
                  | floor).
  6277 | D:8      | 6277 ||| ZAPPING wand of iceblast (9) at 0,-5 (Joseph;
                  | floor).
  6278 | D:8      | 6278 ||| ZAPPING wand of iceblast (8) at 0,-5 (Joseph;
                  | floor).
  6279 | D:8      | 6279 ||| ZAPPING wand of iceblast (7) at 0,-5 (Joseph;
                  | floor).
  6280 | D:8      | 6280 ||| ZAPPING wand of iceblast (6) at 0,-5 (Joseph;
                  | floor).
  6280 | D:8      | Killed Joseph
  6301 | D:8      | Noticed Jeremiah
  6302 | D:8      | 6302 ||| ZAPPING wand of iceblast (5) at -1,-3 (Jeremiah;
                  | floor).
  6304 | D:8      | 6304 ||| ZAPPING wand of iceblast (4) at -1,-3 (Jeremiah;
                  | floor).
  6305 | D:8      | 6305 ||| FLEEEEING.
  6306 | D:8      | 6306 ||| FLEEEEING.
  6308 | D:8      | 6308 ||| FLEEEEING.
  6309 | D:8      | 6309 ||| STAIRDANCE
  6370 | D:8      | 6370 ||| ZAPPING wand of iceblast (3) at 1,-2 (Jeremiah;
                  | floor).
  6374 | D:8      | 6374 ||| FLEEEEING.
  6375 | D:8      | 6375 ||| FLEEEEING.
  6376 | D:8      | 6376 ||| STAIRDANCE
  6402 | D:8      | 6402 ||| STAIRDANCE
  6409 | D:7      | Reached XP level 10. HP: 47/49 MP: 3/11
  6428 | D:8      | 6428 ||| STAIRDANCE
  6457 | D:8      | 6457 ||| STAIRDANCE
  6572 | D:8      | 6572 ||| STAIRDANCE
  6650 | D:8      | 6650 ||| STAIRDANCE
  6693 | D:8      | 6693 ||| STAIRDANCE
  6754 | D:8      | 6754 ||| FLEEEEING.
  6756 | D:8      | 6756 ||| STAIRDANCE
  6808 | D:8      | 6808 ||| STAIRDANCE
  6874 | D:8      | HP: 1/45 [Jeremiah/divine providence (17)]
  6875 | D:8      | 6875 ||| READING 6 scrolls of teleportation.
  6877 | D:8      | Killed from afar by Jeremiah

Levels and vault maps discovered:
D:1:      dpeg_arrival_radiant, layout_basic, lemuel_flame_loot_1
D:2:      layout_basic, uniq_jessica
D:3:      layout_loops_cross, ebering_ecumenical_altar_abandoned,
          serial_park_tiny_pond
D:4:      layout_loops_corners, minmay_temple_entry_offerings
D:5:      layout_layer_cave, serial_shops, nicolae_shop_statue_plus,
          wad_floor_pattern_1
D:6:      layout_loops_ring, mainiacjoe_overflow_paths, grunt_decor_fettered
D:7:      layout_rooms, yredelemnul_altar_generic, hellmonk_no_cap
D:8:      layout_loops_ring, cheibrodos_ashenzari_chains,
          due_lair_maze_entry_diamond, gammafunk_ghost_stat_death,
          minmay_misc_feat_roman, uniq_maggie, uniq_joseph, uniq_jeremiah
Temple:   hellmonk_temple_rainy

Skill      XL: |  1  2  3  4  5  6  7  8  9 |
---------------+----------------------------+-----
Dodging        | 3 4 5 6 7 8 10 12 | 12.1
Ranged Weapons | 5 6 8 9 11 | 11.0
Fighting       | 2 3 4 |  4.0
Stealth        | |  1.5

Action                     |  1- 3 |  4- 6 |  7- 9 | 10-12 || total
---------------------------+-------+-------+-------+-------++-------
   Fire: Shortbow          |    57 |    65 |   246 |    15 ||   383
  Evoke: Wand              |       |       |     8 |       ||     8
    Use: Scroll            |     3 |     5 |     6 |     1 ||    15
 Armour: Robe              |     1 |     4 |    22 |     2 ||    29
  Dodge: Dodged            |     6 |    11 |   129 |    17 ||   163

Table legend:
 A = Non-vault XP
 B = Vault XP
 C = Vault XP percentage of total XP
 D = Non-vault monster count
 E = Vault monster count
 F = Vault count percentage of total count
                 A         B        C        D         E       F
            +---------+---------+-------+---------+---------+-------
      Total |    3679 |    1880 |  33.8 |     132 |      15 |  10.2
            +---------+---------+-------+---------+---------+-------
        D:1 |      33 |       0 |   0.0 |      17 |       0 |   0.0
        D:2 |      50 |      37 |  42.5 |      15 |       1 |   6.2
        D:3 |      34 |       0 |   0.0 |      10 |       0 |   0.0
        D:4 |     190 |       0 |   0.0 |      16 |       0 |   0.0
        D:5 |     783 |       0 |   0.0 |      23 |       0 |   0.0
        D:6 |    1384 |       0 |   0.0 |      30 |       0 |   0.0
        D:7 |     818 |     475 |  36.7 |      14 |       5 |  26.3
        D:8 |     387 |    1368 |  77.9 |       7 |       9 |  56.2
            +---------+---------+-------+---------+---------+-------
